cohdb
Replays
Latest Replays
All Replays
Popular Replays
Top Player Replays
Match Explorer
How It Works
Community
CoH3 Stats
Reddit
Sign in to upload your games and track your stats! →
Sign in with Steam
Match 41033685
Unlisted
Match 41033685
Overview
Messages
Build Orders
End
Kradschützen Motorcycle Team
Panzerpioneer Squad
Panzergrenadier Squad
Construct Light Support Kompanie
Panzerjäger Squad
Panzergrenadier Squad
2.5-tonne Medical Truck
Fire Support Elements
MG34 Team
Pak 38 Mechanized Group
Selects Armored Support Battlegroup
Selects Superior Fire Drills
Construct Mechanized Kompanie
Selects Flammpanzer III Medium Tank
Flammpanzer III Medium Tank
Assault Mechanized Group
Pak 38 Anti-tank Gun Team
Selects Battlefield Salvage
Veteran Squad Leaders
Flammpanzer III Medium Tank
Selects Salvage Kits
Vehicle Survival Package
Selects Panzer Storm
2.5-tonne Medical Truck
254 Reconnaissance Tractor
Selects Stuka Anti-tank Loiter
Panzerpioneer Squad
Panzer Storm
MG34 Team
Advanced Field Repairs
2.5-tonne Medical Truck
la
mikec_81
0
0
Comments
sign in to comment!
No comments posted yet!